 Dungeon Crawl Stone Soup version 0.25-a0-591-g2ad0d86 (webtiles) character file.

Game seed: 10339105863785393215, levelgen mode: deterministic

29159 Faca the Whirler (level 13, -4/95 HPs)
             Began as a Halfling Hunter on Mar 14, 2020.
             Was a High Priest of Okawaru.
             Splashed by an oklob plant's acid (14 damage)
             ... on level 4 of the Lair of Beasts.
             The game lasted 00:49:25 (18998 turns).

Faca the Whirler (Halfling Hunter)                 Turns: 18998, Time: 00:49:25

Health: -4/95      AC:  3    Str: 17    XL:     13   Next: 78%
Magic:  12/13      EV: 28    Int:  9    God:    Okawaru [*****.]
Gold:   1094       SH:  0    Dex: 22    Spells: 12/12 levels left

rFire    + . .     SeeInvis .   x - +1 fustibalus (flame)
rCold    . . .     Gourm    +   (shield restricted)
rNeg     . . .     Faith    .   s - +0 troll leather armour
rPois    .         Spirit   .   v - +2 helmet
rElec    .         Reflect  .   h - +0 cloak
rCorr    .         Harm     .   K - +0 pair of gloves of Divine Intervention {Dex+6}
MR       +....                  k - +1 pair of boots
Stlth    +++.......             p - amulet of the gourmand
HPRegen  0.65/turn              D - ring of protection from fire
MPRegen  0.13/turn              E - ring of protection from magic

@: heroism, corroded
A: small, mutation resistance 1
a: Heroism, Finesse, Renounce Religion


You were on level 4 of the Lair of Beasts.
You worshipped Okawaru.
Okawaru was extremely pleased with you.
You were very full.

You visited 3 branches of the dungeon, and saw 18 of its levels.

You collected 1146 gold pieces.
You spent 52 gold pieces at shops.

Inventory:

Hand Weapons
 x - a +1 fustibalus of flaming (weapon)
 H - a +5 short sword
Missiles
 d - 214 sling bullets
 i - 341 stones (quivered)
 r - 17 poisoned darts
 U - 6 curare-tipped darts
Armour
 h - a +0 cloak (worn)
 k - a +1 pair of boots (worn)
 s - a +0 troll leather armour (worn)
 v - a +2 helmet (worn)
 K - the +0 pair of gloves of Divine Intervention (worn) {Dex+6}
   (You found it on level 10 of the Dungeon)

   It affects your dexterity (+6).
 M - the +0 pair of gloves of Vaidwedeit {MR+ Str+2}
   (Okawaru gifted it to you on level 1 of the Lair of Beasts)

   It affects your strength (+2).
   It affects your resistance to hostile enchantments.
 W - a +1 hat of magic resistance
Jewellery
 p - an amulet of the gourmand (around neck)
 B - a cursed amulet of inaccuracy {unknown}
 D - a ring of protection from fire (left hand)
 E - a ring of protection from magic (right hand)
 F - an uncursed ring of resist corrosion
 R - an uncursed amulet of harm {unknown}
 S - a cursed amulet of inaccuracy {unknown}
Wands
 b - a wand of digging (10)
 y - a wand of flame (47)
 I - a wand of scattershot (4)
 O - a wand of acid (4)
Scrolls
 c - 7 scrolls of remove curse
 l - 3 scrolls of fog
 o - 2 scrolls of immolation
 C - 5 scrolls of blinking
 G - 3 scrolls of teleportation
 J - a scroll of magic mapping
 N - a scroll of enchant weapon
 Q - 2 scrolls of enchant armour
Potions
 a - a potion of heal wounds
 e - 2 potions of flight
 g - 2 potions of ambrosia
 j - 7 potions of curing
 m - 2 potions of might
 n - a potion of resistance
 q - a potion of invisibility
 t - 6 potions of brilliance
 u - 2 potions of haste
 w - 3 potions of cancellation
 z - 2 potions of mutation
 A - a potion of lignification
 L - 5 potions of stabbing
 P - a potion of berserk rage {unknown}
Miscellaneous
 T - a tin of tremorstones
Comestibles
 f - 36 rations
 Y - a chunk of flesh


   Skills:
 + Level 11.1(16.1) Fighting
 + Level 13.5(18.5) Short Blades
 + Level 16.7(21.7) Slings
 + Level 6.4(11.4) Armour
 + Level 8.2(13.2) Dodging
 - Level 1.1(6.1) Stealth
 + Level 0.3 Invocations


You had 12 spell levels left.
You didn't know any spells.
Your spell library contained the following spells:

 Spells                   Type           Power        Failure   Level  Hunger
 Corona                   Hex            #......      43%         1    ##.....
 Ensorcelled Hibernation  Hex/Ice        #.....       56%         2    ###....
 Poisonous Vapours        Pois/Air       #.....       56%         2    ###....
 Confusing Touch          Hex            #.......     80%         3    ####...
 Conjure Flame            Conj/Fire      #.......     80%         3    ####...
 Dazzling Flash           Conj/Hex       #.....       80%         3    ####...
 Gell's Gravitas          Tloc           #.........   80%         3    ####...
 Mephitic Cloud           Conj/Pois/Air  #.......     80%         3    ####...
 Tukima's Dance           Hex            #.......     80%         3    ####...
 Petrify                  Tmut/Erth      #.......     99%         4    #####..
 Summon Lightning Spire   Summ/Air       #.......     99%         4    #####..
 Metabolic Englaciation   Hex/Ice        #.........   100%        5    ######.
 Silence                  Hex/Air        #.........   100%        5    ######.
 Yara's Violent Unravell  Hex/Tmut       #.........   100%        5    ######.
 Conjure Ball Lightning   Conj/Air       #.........   100%        6    #######
 Deflect Missiles         Chrm/Air       #.........   100%        6    #######
 Freezing Cloud           Conj/Ice/Air   #.........   100%        6    #######
 Ring of Flames           Chrm/Fire      #.........   100%        7    #######
 Tornado                  Air            #.........   100%        9    #######


Dungeon Overview and Level Annotations

Branches:
Dungeon (11/15)            Temple (1/1) D:5            Lair (6/6) D:8
 Shoals (0/4) Lair:4        Snake (0/4) Lair:3        Slime (0/5) Lair:6
    Orc (0/2) D:9

Altars:
Ashenzari
Cheibriados
Dithmenos
Fedhas
Hepliaklqana
Makhleb
Nemelex Xobeh
Okawaru
Qazlal
Ru
Sif Muna
Trog
Uskayaw
Vehumet
Xom
Yredelemnul
The Shining One

Shops:
D:8 ?   D:9 *

Annotations:
D:3 1 runed translucent door, Crazy Yiuf
D:6 2 transporters, igorguim's ghost, novice MiFi
Lair:4 exclusions: oklob plant and orange crystal statue


Innate Abilities, Weirdness & Mutations

You are small and have problems with some larger weapons.
You are somewhat resistant to further mutation.


Message History

Press: ? - help, Shift-Dir - straight line, f/p - oklob plant
Aim: an oklob plant (almost destroyed)
You shoot a stone.
The stone hits the oklob plant but does no damage.
The oklob plant is almost destroyed.
The oklob plant spits acid at you. The splash of acid hits you!!
The acid corrodes you!
You are splashed with acid!
* * * LOW HITPOINT WARNING * * *
Firing (i - inventory. (/) - cycle)
i - 342 stones (quivered)
Press: ? - help, Shift-Dir - straight line, f/p - oklob plant
Aim: an oklob plant (almost destroyed)
You shoot a stone. The stone hits the oklob plant.
The stone burns the oklob plant.
The oklob plant is almost destroyed.
The oklob plant spits acid at you. The splash of acid hits you.
* * * LOW HITPOINT WARNING * * *
The acid corrodes you!
You are splashed with acid!
You die...

##..........## ##.........#.#
#÷.........###
##########.........#
#.##.#.#...#..........# ##
#.............!......#
.######.....###..#.........#
#.#.#.#.#.#.#.#.##........##
.........P......@......†...#
#.#.#.#.#.#.#.#.##........P#
.................##........#
#.#.#.#.#.#.#.#.##.........#
.................^#........##
#.#.#.#.#.#.#.#?##..........##
........>........#.........#.#
#.#.#.#.#.#.#.#.#............#
........÷...................P##


You could see an oklob plant.

Vanquished Creatures
  Gastronok (Lair:3)
  Erolcha (D:9)
  2 hydras
  Urug (Lair:3)
  Sonja (Lair:3)
  A cyclops (D:11)
  10 elephants (Lair:4)
  Maurice (D:8)
  2 centaur zombies
  A black mamba (Lair:4)
  Psyche (D:9)
  7 spiny frogs
  5 komodo dragons
  2 rime drakes (Lair:6)
  A troll (D:11)
  4 blink frogs (Lair:3)
  A hornet (D:7)
  7 hippogriffs
  A wraith (D:8)
  5 wyverns
  Sigmund (D:2)
  4 hogs (D:7)
  A hungry ghost (D:10)
  A basilisk (Lair:3)
  A human (D:7)
  Edmund (D:4)
  5 nagas
  2 soldier ants (D:10)
  11 water moccasins
  9 porcupines
  5 black bears
  6 orc warriors
  An ice beast (D:9)
  An eye of draining (D:11)
  A sky beast (D:11)
  3 phantoms
  6 wolves (Lair:6)
  7 ogres
  5 centaurs
  9 crocodiles
  3 big kobolds
  17 bullfrogs
  A wyvern skeleton (D:9)
  2 scorpions
  10 killer bees
  9 wights
  4 howler monkeys
  4 crimson imps
  A quasit (D:7)
  A centaur skeleton (D:7)
  A jelly (D:11)
  8 orc priests
  A bullfrog zombie (D:10)
  6 hounds
  7 orc wizards
  A bullfrog skeleton (D:11)
  An iron imp (D:9)
  Terence (D:3)
  3 iguanas
  10 worker ants
  A hound zombie (D:10)
  2 hound skeletons (D:8)
  6 gnolls
  A howler monkey skeleton (D:8)
  15 adders
  A river rat (D:4)
  2 oozes
  A dart slug (D:2)
  2 worms (D:2)
  5 leopard geckos
  44 orcs
  5 giant cockroaches
  6 goblins
  A hobgoblin (D:1)
  4 jackals (D:11)
  25 kobolds
  4 quokkas
  3 bats
  6 frilled lizards
  A quokka skeleton (D:4)
  9 rats
370 creatures vanquished.

Vanquished Creatures (others)
  A kobold (D:9)
  9 fungi
  4 plants
14 creatures vanquished.

Grand Total: 384 creatures vanquished

Notes
Turn   | Place    | Note
-------+----------+-------------------------------------------
     0 | D:1      | Faca the Halfling Hunter began the quest for the Orb.
     0 | D:1      | Reached XP level 1. HP: 14/14 MP: 1/1
   144 | D:1      | Reached skill level 6 in Slings
   144 | D:1      | Reached XP level 2. HP: 10/19 MP: 2/2
  1243 | D:2      | Reached XP level 3. HP: 25/25 MP: 3/3
  1977 | D:2      | Reached skill level 1 in Short Blades
  1977 | D:2      | Reached XP level 4. HP: 30/30 MP: 4/4
  2153 | D:2      | Reached skill level 7 in Slings
  2427 | D:2      | Noticed Sigmund
  2463 | D:2      | Killed Sigmund
  2463 | D:2      | Reached XP level 5. HP: 14/36 MP: 5/5
  2463 | D:2      | Reached XP level 6. HP: 17/42 MP: 6/6
  2967 | D:3      | Found a shadowy altar of Dithmenos.
  3057 | D:3      | Reached skill level 8 in Slings
  3126 | D:3      | Found a burning altar of Makhleb.
  3229 | D:3      | Noticed Terence
  3239 | D:3      | Killed Terence
  3280 | D:3      | Found a radiant altar of Vehumet.
  3448 | D:3      | Found a runed translucent door.
  3449 | D:3      | Noticed Crazy Yiuf
  3587 | D:4      | Noticed an ogre
  3613 | D:3      | Killed an ogre
  3613 | D:3      | Reached XP level 7. HP: 43/48 MP: 7/7
  3743 | D:4      | Noticed Edmund
  3790 | D:4      | Killed Edmund
  3940 | D:4      | Found a shattered altar of Ashenzari.
  4114 | D:4      | Reached skill level 9 in Slings
  4340 | D:4      | Found a glowing drain.
  4357 | D:4      | Reached skill level 5 in Short Blades
  4426 | D:5      | Entered Level 5 of the Dungeon
  4526 | D:5      | Reached XP level 8. HP: 54/54 MP: 8/8
  4528 | D:5      | Found a staircase to the Ecumenical Temple.
  4537 | Temple   | Entered the Ecumenical Temple
  4553 | Temple   | Became a worshipper of Warmaster Okawaru
  5456 | D:6      | Reached skill level 5 in Fighting
  5632 | D:6      | Found a transporter.
  5635 | D:6      | Found a transporter.
  5635 | D:6      | Noticed igorguim's ghost (novice MiFi)
  5898 | D:6      | Noticed a hornet
  6634 | D:7      | Reached * piety under Okawaru
  6634 | D:7      | Reached skill level 10 in Slings
  6884 | D:7      | Reached XP level 9. HP: 44/62 MP: 9/9
  7105 | D:7      | Found a glowing golden altar of the Shining One.
  7314 | D:7      | Reached skill level 11 in Slings
  7591 | D:7      | Reached ** piety under Okawaru
  7763 | D:7      | Noticed a hornet
  7770 | D:7      | Killed a hornet
  7798 | D:7      | Found a faded altar of an unknown god.
  7798 | D:7      | Found a faded altar of an unknown god.
  7804 | D:7      | Found a glowing golden altar of the Shining One.
  7806 | D:7      | Found a stormy altar of Qazlal.
  7807 | D:7      | Found a shimmering altar of Xom.
  7962 | D:8      | Found a shimmering altar of Xom.
  8014 | D:8      | Reached skill level 12 in Slings
  8014 | D:8      | Reached XP level 10. HP: 57/71 MP: 10/10
  8090 | D:8      | Noticed Maurice
  8200 | D:8      | Found Daorhuk's Magic Scroll Emporium.
  8334 | D:8      | Killed Maurice
  8334 | D:8      | Reached *** piety under Okawaru
  8334 | D:8      | Received a gift from Okawaru
  8664 | D:8      | Found a bloodstained altar of Trog.
  8677 | D:8      | Noticed a +0 hand axe
  8677 | D:8      | Noticed a +0 dagger
  8678 | D:8      | Found a hide-covered altar of Uskayaw.
  8891 | D:8      | Found a staircase to the Lair.
  9016 | D:9      | Found Dikh's Assorted Antiques.
  9049 | D:9      | Bought 2 fizzy ruby potions for 52 gold pieces
  9133 | D:9      | Found a snail-covered altar of Cheibriados.
  9194 | D:9      | Noticed Erolcha
  9217 | D:9      | Killed Erolcha
  9217 | D:9      | Reached skill level 10 in Short Blades
  9217 | D:9      | Reached skill level 13 in Slings
 10090 | D:9      | Reached **** piety under Okawaru
 10090 | D:9      | Reached XP level 11. HP: 75/78 MP: 11/11
 10148 | D:9      | Found a staircase to the Orcish Mines.
 10212 | D:9      | Found a basalt altar of Yredelemnul.
 10212 | D:9      | Found a shimmering blue altar of Sif Muna.
 10403 | D:10     | Entered Level 10 of the Dungeon
 10869 | D:10     | Got a pair of faintly humming gloves
 10875 | D:10     | Identified the cursed +0 pair of gloves of Divine
                  | Intervention {Dex+6} (You found it on level 10 of the
                  | Dungeon)
 10962 | D:10     | Reached skill level 14 in Slings
 11109 | D:10     | Received a gift from Okawaru
 11109 | D:10     | Reached ***** piety under Okawaru
 11448 | D:11     | Noticed a cyclops
 11473 | D:11     | Killed a cyclops
 11643 | D:11     | Found a snail-covered altar of Cheibriados.
 11697 | D:11     | Received a gift from Okawaru
 12018 | D:11     | Received a gift from Okawaru
 12400 | D:9      | Noticed Psyche
 12415 | D:9      | Killed Psyche
 12415 | D:9      | Received a gift from Okawaru
 12481 | Lair:1   | Entered Level 1 of the Lair of Beasts
 12481 | Lair:1   | Noticed an eight-headed hydra
 12501 | Lair:1   | Killed an eight-headed hydra
 12501 | Lair:1   | Reached XP level 12. HP: 12/87 MP: 10/12
 12660 | Lair:1   | Reached skill level 15 in Slings
 12816 | Lair:1   | Received a gift from Okawaru
 12821 | Lair:1   | Got a pair of warped gloves {god gift}
 12834 | Lair:1   | Identified the +0 pair of gloves of Vaidwedeit {MR+ Str+2}
                  | (Okawaru gifted it to you on level 1 of the Lair of Beasts)
 12908 | Lair:1   | Reached skill level 5 in Dodging
 13269 | Lair:1   | Reached skill level 1 in Armour
 13693 | Lair:2   | Reached skill level 10 in Fighting
 14764 | Lair:3   | Noticed a five-headed hydra
 15050 | Lair:3   | HP: 1/87 [spiny frog (20)]
 15603 | Lair:3   | You fall into a shaft and drop 3 floors!
 15603 | Lair:6   | Entered Level 6 of the Lair of Beasts
 16003 | Lair:6   | Reached XP level 13. HP: 82/93 MP: 10/13
 16006 | Lair:6   | Received a gift from Okawaru
 16035 | Lair:6   | Noticed a six-headed hydra
 16057 | Lair:6   | Reached skill level 16 in Slings
 16064 | Lair:6   | HP: 1/93 [six-headed hydra (8)]
 16239 | Lair:3   | Found a staircase to the Snake Pit.
 16256 | Lair:3   | Noticed Urug
 16262 | Lair:3   | Killed a five-headed hydra
 16746 | Lair:3   | Noticed Gastronok
 16748 | Lair:3   | Noticed Sonja
 16778 | Lair:2   | Received a gift from Okawaru
 16907 | Lair:3   | Killed Urug
 16907 | Lair:3   | Reached skill level 5 in Armour
 17091 | Lair:3   | Killed Gastronok
 17091 | Lair:3   | Received a gift from Okawaru
 17253 | Lair:3   | Killed Sonja
 17642 | Lair:4   | Found a staircase to the Shoals.
 18998 | Lair:4   | Splashed by an oklob plant's acid

Levels and vault maps discovered:
D:1:      dpeg_arrival_stonehenge_8_columns, layout_basic, serial_bayou_pond_e,
          dk_noncrumbling_3, minmay_distorted
D:2:      layout_basic, uniq_sigmund
D:3:      layout_loops_ring, nicolae_overflow_crystal_walls,
          fiery_altar_vehumet, old_standard_altar, first_ration,
          uniq_crazy_yiuf_cottage, uniq_terence
D:4:      layout_rooms, evilmike_ruin_ashenzari, portal_sewer_entry_e,
          serial_glass, glass_columns_a, glass_columns_b,
          kennysheep_generic_room_15, uniq_edmund
D:5:      layout_basic, minmay_temple_entry_junction_2, serial_co_window_serial,
          co_window_corner_a, co_window_paths_b, co_window_of_opportunity_a,
          co_window_paths_b, co_window_paths_b, co_window_unsneaky_path_b,
          co_window_2corner, co_window_cross_2, glass_columns_c,
          glass_columns_c, glass_columns_b, glass_columns_b, glass_columns_a
D:6:      layout_layer_cave, gammafunk_ghost_hive
D:7:      layout_loops_ring, chequers_temple_overflow_minitemple, basic_altar,
          grunt_livestock
D:8:      layout_rooms, trog_ov_bears_minmay, dancing_weapons_uskayaw,
          lair_entry_dummy, serial_shops, nicolae_shop_stone, basic_altar,
          kennysheep_nondescript, uniq_maurice
D:9:      layout_loops_cross, slow_altar_2, amethyst_overflow_temple_binary,
          orc_david_3, serial_shops, nicolae_shop_waterfront, uniq_psyche,
          uniq_erolcha
D:10:     minmay_skewed_foursquare, layout_small_grid
D:11:     layout_roguey, basic_altar
Temple:   zaba_magenta_temple
Lair:1:   layout_chaotic_city
Lair:2:   layout_layer_cave
Lair:3:   layout_chaotic_city, minmay_snake_entry_guardpost_medium, uniq_urug,
          uniq_gastronok, uniq_sonja
Lair:4:   layout_hall_layers, minmay_shoals_entry_centaurs, st_stairs_11,
          disabler_island, infiniplex_staircase_pool
Lair:5:   layout_hall_layers
Lair:6:   minmay_lair_end_enchanted_forest, layout_loops_ring,
          dpeg_slime_entry_enclosed_altar, special_room
          [special_room_mythical_zoo], serial_bayou_shore_b, lemuel_fruit_tree,
          uniq_snorg

Skill      XL: |  1  2  3  4  5  6  7  8  9 10 11 12 13 |
---------------+----------------------------------------+-----
Fighting       | 2 3 4 5 7 8 9 10 11 | 11.1
Slings         | 6 7 8 9 10 12 13 14 15 16 | 16.7
Short Blades   | 1 3 5 6 8 10 11 12 13 | 13.5
Dodging        | 4 6 8 |  8.2
Armour         | 4 6 |  6.4
Stealth        | |  1.1
Invocations    | |  0.3

Action                   |  1- 3 |  4- 6 |  7- 9 | 10-12 | 13-15 || total
-------------------------+-------+-------+-------+-------+-------++-------
Melee: Short sword       |    79 |    94 |   502 |  1500 |   219 ||  2394
       Punch             |       |       |       |     6 |     2 ||     8
 Fire: Hunting sling     |    43 |    52 |   223 |    96 |    60 ||   474
       Fustibalus        |       |       |       |       |   101 ||   101
Throw: Dart              |       |       |     7 |       |    16 ||    23
Invok: Heroism           |       |       |     1 |    16 |     8 ||    25
Evoke: Wand              |       |       |       |       |     6 ||     6
  Use: Scroll            |     4 |    12 |     1 |    12 |     4 ||    33
       Potion            |       |       |     2 |     2 |     2 ||     6
 Stab: Sleeping          |     1 |     1 |     1 |     9 |     1 ||    13
       Distracted        |       |       |       |     3 |       ||     3
  Eat: Chunk             |     3 |     4 |     8 |    38 |     9 ||    62
       Ration            |       |     1 |     1 |       |       ||     2
Armor: Leather armour    |    17 |       |       |       |       ||    17
       Troll leather arm |     1 |    32 |   167 |   255 |    55 ||   510
Dodge: Dodged            |    75 |    69 |   364 |   877 |   240 ||  1625

Table legend:
 A = Non-vault XP
 B = Vault XP
 C = Vault XP percentage of total XP
 D = Non-vault monster count
 E = Vault monster count
 F = Vault count percentage of total count
                 A         B        C        D         E       F
            +---------+---------+-------+---------+---------+-------
      Total |   30253 |   11404 |  27.4 |     316 |      54 |  14.6
            +---------+---------+-------+---------+---------+-------
        D:1 |      23 |       4 |  14.8 |      11 |       2 |  15.4
        D:2 |     112 |     205 |  64.7 |      25 |       1 |   3.8
        D:3 |     195 |      36 |  15.6 |      11 |       1 |   8.3
        D:4 |     228 |     205 |  47.3 |      18 |       9 |  33.3
        D:5 |     177 |       0 |   0.0 |       7 |       0 |   0.0
        D:6 |     320 |       0 |   0.0 |       5 |       0 |   0.0
        D:7 |    1388 |     984 |  41.5 |      19 |       5 |  20.8
        D:8 |     768 |     757 |  49.6 |      17 |       3 |  15.0
        D:9 |    1378 |    1773 |  56.3 |      34 |      10 |  22.7
       D:10 |    2203 |      80 |   3.5 |      38 |       4 |   9.5
       D:11 |    3808 |       0 |   0.0 |      53 |       0 |   0.0
     Lair:1 |    3047 |       0 |   0.0 |      14 |       0 |   0.0
     Lair:2 |    3401 |     169 |   4.7 |      17 |       1 |   5.6
     Lair:3 |    4638 |    4499 |  49.2 |      19 |       7 |  26.9
     Lair:4 |    7015 |     673 |   8.8 |      19 |       3 |  13.6
     Lair:6 |    1552 |    2019 |  56.5 |       9 |       8 |  47.1
            +---------+---------+-------+---------+---------+-------
